 Dungeon Crawl Stone Soup version 0.19.1-1-g22dce08 (webtiles) character file.

85 vatarom the Chucker (level 4, -6/48 HPs)
             Began as an Ogre Hunter on Nov 29, 2016.
             Mangled by Crazy Yiuf
             ... wielding a +3 quarterstaff of chaos
              (9 damage)
             ... on level 2 of the Dungeon on Jan 1, 2017.
             The game lasted 00:05:15 (2359 turns).

vatarom the Chucker (Ogre Hunter)                   Turns: 2359, Time: 00:05:16

Health: -6/48      AC:  4    Str: 17    XL:     4   Next: 48%
Magic:  4/4        EV: 10    Int: 12    God:
Gold:   107        SH:  0    Dex: 11    Spells: 0 memorised, 3 levels left

rFire  . . .     SeeInvis .     j - -1 mace (curse)
rCold  . . .     Gourm    .     b - +1 robe
rNeg   . . .     Faith    .     (no shield)
rPois  .         Spirit   .     (helmet restricted)
rElec  .         Reflect  .     (no cloak)
rCorr  .         Harm     .     (gloves unavailable)
MR     .....                    (boots unavailable)
Stlth  +.........               e - amulet of inaccuracy (curse)
                                (no ring)
                                (no ring)

@: lethally poisoned (-6 -> -7)
A: unfitting armour, blink, clever 1, tough skin 1, subdued magic 1
a: Blink


You were on level 2 of the Dungeon.
You were not hungry.

You visited 1 branch of the dungeon, and saw 2 of its levels.

You collected 107 gold pieces.

Inventory:

Hand Weapons
 a - a +0 short sword
 j - a cursed -1 mace (weapon)
Missiles
 c - 4 large rocks (quivered)
 d - a throwing net
Armour
 b - a +1 robe (worn)
Jewellery
 e - a cursed amulet of inaccuracy (around neck)
Scrolls
 h - 2 scrolls of identify
 i - a scroll of teleportation
 k - 2 scrolls of enchant armour
Comestibles
 f - a bread ration
 m - a meat ration


   Skills:
 + Level 4.0 Fighting
 * Level 2.4 Maces & Flails
 - Level 4.0 Throwing
 + Level 2.9 Dodging
 - Level 0.6 Stealth


You had 3 spell levels left.
You didn't know any spells.

Dungeon Overview and Level Annotations

Branches:
Dungeon (2/15)

Altars:
Nemelex Xobeh

Annotations:
D:2 Crazy Yiuf


Innate Abilities, Weirdness & Mutations

You are too large for most types of armour.
You have tough skin. (AC +1)
You can translocate small distances at will.
Your mind is acute. (Int +2)
Your spells are a little easier to cast, but a little less powerful.


Message History

You bump into the stone wall.
You feel sick.
Crazy Yiuf hits you with a quarterstaff of chaos!
You bump into the stone wall.
Crazy Yiuf whimpers, "East arm mumblescurry!"
Crazy Yiuf barely misses you.
You hit Crazy Yiuf.
Crazy Yiuf is moderately wounded.
Crazy Yiuf yells, "Seed hog arga!"
Crazy Yiuf hits you with a quarterstaff of chaos!
* * * LOW HITPOINT WARNING * * *
Crazy Yiuf draws strength from your wounds!
You barely miss Crazy Yiuf.
You feel less confused.
You feel sick.
Crazy Yiuf hits you with a quarterstaff of chaos!
* * * LOW HITPOINT WARNING * * *
You hit Crazy Yiuf.
Crazy Yiuf is lightly wounded.
Crazy Yiuf hits you with a quarterstaff of chaos!
You die...

#.#
#..........#
#.#
#..........#
#.#
######.....##
#.# #.......
#.# #......#
#.###
####.......
#...# #####
#........##
###.# #..)#
##########
#.# #@g.#
###.# #...#
#...# ##'##
#.#.# ##.#
#.### #.##
#...# ##.#
###.# #.##
#.# ##.## #.#
#...##


You could see Crazy Yiuf.

Vanquished Creatures
  Ijyb (D:2)
  2 adders (D:2)
  A dart slug (D:2)
  A leopard gecko (D:1)
  A ball python (D:1)
  5 bats
  2 giant cockroaches
  A goblin (D:2)
  5 hobgoblins (D:1)
  4 jackals
  2 frilled lizards
  4 kobolds
  4 rats
33 creatures vanquished.

Notes
Turn   | Place    | Note
-------+----------+-------------------------------------------
     0 | D:1      | vatarom the Ogre Hunter began the quest for the Orb.
     0 | D:1      | Reached XP level 1. HP: 22/22 MP: 1/1
    74 | D:1      | Gained mutation: Your spells are a little easier to cast, but a little less powerful. [potion of mutation]
    74 | D:1      | Gained mutation: You can translocate small distances at will. [potion of mutation]
    74 | D:1      | Gained mutation: Your mind is acute. (Int +2) [potion of mutation]
   416 | D:1      | Reached XP level 2. HP: 25/31 MP: 2/2
   945 | D:2      | Reached XP level 3. HP: 36/39 MP: 3/3
   953 | D:2      | Found a sparkling altar of Nemelex Xobeh.
  1074 | D:2      | Reached skill level 1 in Maces & Flails
  1478 | D:2      | Noticed Ijyb
  1510 | D:2      | Killed Ijyb
  1510 | D:2      | Reached XP level 4. HP: 12/48 MP: 4/4
  2058 | D:2      | Found a runed door.
  2119 | D:2      | Upgraded the game from 0.19.1 to 0.19.1-1-g22dce08
  2348 | D:2      | Noticed Crazy Yiuf
  2359 | D:2      | Mangled by Crazy Yiuf

Skill      XL: |  1  2  3 |
---------------+----------+-----
Fighting       | 3 4 |  4.0
Dodging        | 2 |  2.9
Maces & Flails | 2 |  2.4
Throwing       | |  4.0
Stealth        | |  0.6

Action                   |  1- 3 |  4- 6 || total
-------------------------+-------+-------++-------
Melee: Short sword       |    89 |       ||    89
       Mace              |    69 |    34 ||   103
Throw: Large rock        |     5 |     7 ||    12
       Throwing net      |     1 |     2 ||     3
  Use: Potion            |     4 |     2 ||     6
       Scroll            |     5 |     1 ||     6
 Stab: Held in net/web   |     1 |       ||     1
       Distracted        |       |     1 ||     1
  Eat: Bread ration      |     1 |       ||     1
Armor: Robe              |    93 |    24 ||   117
Dodge: Dodged            |   122 |    32 ||   154
